 Dungeon Crawl Stone Soup version 0.30.0-19-g36f170ea60 (webtiles) character file.

Game seed: 12426846155819059667

606 cheesebisquit the Trooper (level 7, 54/54 HPs)
             Began as a Djinni Fire Elementalist on May 27, 2023.
             Was an Initiate of Ashenzari.
             Quit the game on level 4 of the Dungeon.
             The game lasted 00:14:49 (4442 turns).

cheesebisquit the Trooper (DjFE)                    Turns: 4442, Time: 00:14:50

Health: 54/54      AC:  4    Str:  7    XL:     7   Next: 71%
Gold:   255        EV: 12    Int: 19    God:    Ashenzari [......] SH:  0 Dex: 13

rFire   + + .        e - +0 dire flail
rCold   + . .        (shield currently unavailable)
rNeg    . . .        q - +1 robe {rC+}
rPois   ∞            (no helmet)
rElec   .            (no cloak)
rCorr   .            k - +0 pair of gloves
SInv    +            (boots unavailable)
Will    .....        (no amulet)
Stlth   ++           h - ring of see invisible
HPRegen 0.29/turn    z - ring of protection from cold
MPRegen 0.00/turn

%: no passive effects
@: flying
A: sickness immunity, fire resistance 2, cold vulnerability 1, float, innate
caster, HP casting, extra vitality 1
a: Renounce Religion, Curse Item


You were on level 4 of the Dungeon.
You worshipped Ashenzari.
Ashenzari was noncommittal.
You visited 2 branches of the dungeon, and saw 7 of its levels.

You collected 255 gold pieces.

Inventory:

Hand Weapons
 e - a +0 dire flail (weapon)
 f - a +0 quarterstaff
Missiles
 r - 3 atropa-tipped darts
 s - 6 poisoned darts
Armour
 k - a +0 pair of gloves (worn)
 o - a +0 robe of willpower
 q - a +1 robe of cold resistance (worn)
Jewellery
 h - a ring of see invisible (left hand)
 z - a ring of protection from cold (right hand)
 A - a ring of fire
Wands
 u - a wand of roots (10)
 v - a wand of paralysis (6)
Scrolls
 b - a scroll of teleportation {unknown}
 c - 4 scrolls of identify {unknown}
 i - 2 scrolls of immolation {unknown}
 j - 3 scrolls of fog {unknown}
 n - 2 scrolls of fear {unknown}
 t - a scroll of enchant weapon {unknown}
 y - a scroll of blinking {unknown}
Potions
 a - a potion of brilliance {unknown}
 d - 3 potions of magic {unknown}
 g - a potion of attraction {unknown}
 l - a potion of curing {unknown}
 m - 2 potions of might {unknown}
 p - a potion of berserk rage {unknown}
 w - a potion of cancellation {unknown}
 x - a potion of haste {unknown}


   Skills:
 + Level 5.3 Fighting
 - Level 2.1 Dodging
 - Level 1.5 Stealth
 + Level 4.8 Spellcasting


You knew the following spells:

 Your Spells              Type           Power      Damage    Failure   Level
a - Foxfire               Conj/Fire      92%        2x1d8     1%          1
b - Scorch                Fire           46%        2d6       2%          2
c - Volatile Blastmotes   Fire/Tloc      46%        2d13      5%          3
d - Inner Flame           Hex/Fire       23%        N/A       5%          3
e - Flame Wave            Conj/Fire      23%        2d8       17%         4
f - Sandblast             Erth           46%        2d11      1%          1
g - Call Imp              Summ           46%        N/A       2%          2
h - Stone Arrow           Conj/Erth      46%        3d9       5%          3
Your spell library was empty.

Dungeon Overview and Level Annotations

Branches:
Dungeon (6/15)             Temple (1/1) D:6

Altars:
Ashenzari
Dithmenos
Elyvilon
Fedhas
Hepliaklqana
Okawaru
Qazlal
Uskayaw
Xom
Zin
The Shining One

Annotations:
D:3 1 runed translucent door, Crazy Yiuf


Innate Abilities, Weirdness & Mutations

You are immune to sickness and miasma.
You are immune to poison.
Your flesh is very heat resistant. (rF++)
You are vulnerable to cold. (rC-)
You float through the air rather than walking.
You learn spells naturally, not from books.
Your magical power is your life essence.
You have superior vitality. (+4 MHP)


Message History

The sleepcap releases spores at your cerulean imp!
Your cerulean imp dies!
Your cerulean imp disappears in a puff of smoke!
You conjure some foxfire!
The foxfire hits the sleepcap.
The sleepcap is lightly damaged.
The foxfire hits the sleepcap.
The sleepcap is moderately damaged.
You conjure some foxfire!
The sleepcap releases spores at you.
You hit the sleepcap but do no damage.
The sleepcap is moderately damaged.
The foxfire hits the sleepcap.
The sleepcap is moderately damaged.
The foxfire hits the sleepcap but does no damage.
The sleepcap is moderately damaged.
The sleepcap releases spores at you. The sleepcap misses you.
You conjure some foxfire!
The sleepcap misses you.
You puncture the sleepcap!
The sleepcap is severely damaged.
The foxfire hits the sleepcap.
The sleepcap is almost destroyed.
The foxfire hits the sleepcap.
The sleepcap is almost destroyed.
The sleepcap releases spores at you.
You conjure some foxfire!
The sleepcap releases spores at you.
You sock the sleepcap!
You destroy the sleepcap!
Your foxfire dissipates!
Your foxfire dissipates!
A kobold comes into view. It is wielding a +0 dagger.
The kobold shouts!
The kobold throws a stone.
The stone closely misses you.
You conjure some foxfire!
The foxfire hits the kobold.
The kobold is moderately wounded.
The foxfire hits the kobold.
You kill the kobold!
Ashenzari invites you to partake of a vision and a curse of fortitude and evocations.
Okay, then.
Are you sure you want to abandon this character and quit the game? (Confirm with "yes".)

.†.........###.....>.............
†#########..#...............#....
.# ##.................#.... .#
#..#..............#.... .#
#..#..............#.... .#
##.#................... .#
####..................
.##############...........###....
.##.............@#####.#### ####.
.#...#########...# #.# #...
.#..##.((##..###.# #.# ####...
....#.#(#(##...#.# #. #......
#...#.(#...#._.+.# ...##...
##..#.#.#.##...#.# .. ###.
#..##...##..###.# . #.
#...#########...# #.
##..........)..## #.


There were no monsters in sight!

Vanquished Creatures
  2 scorpions (D:4)
  A jelly (D:5)
  A hound (D:5)
  An orc priest (D:4)
  2 iguanas
  Terence (D:2)
  Jessica (D:3)
  A sleepcap (D:4)
  An orc wizard (D:3)
  6 adders
  A white imp (D:5)
  An ufetubus (D:4)
  A worm (D:2)
  3 dart slugs
  6 orcs
  3 endoplasms
  2 giant cockroaches (D:4)
  3 hobgoblins
  5 jackals
  3 kobolds
  6 quokkas
  7 ball pythons
  4 bats (D:1)
  4 frilled lizards
  4 goblins
  7 rats
77 creatures vanquished.

Vanquished Creatures (collateral kills)
  A scorpion (D:2)
  A jelly (D:5)
  An adder (D:3)
  2 orcs (D:4)
  A kobold (D:3)
  2 rats (D:3)
  2 foxfires (D:3)
10 creatures vanquished.

Vanquished Creatures (others)
  A butterfly (D:3)
  241 foxfires
242 creatures vanquished.

Grand Total: 329 creatures vanquished

Notes
Turn   | Place    | Note
-------+----------+-------------------------------------------
     0 | D:1      | cheesebisquit the Djinni Fire Elementalist began the quest
                  | for the Orb.
     0 | D:1      | cheesebisquit set off with the following spells memorised:
                  | Foxfire, Scorch, Volatile Blastmotes, Inner Flame, Flame
                  | Wave.
     0 | D:1      | Reached XP level 1. HP: 15/15 MP: 0/0
    95 | D:1      | Reached skill level 1 in Fighting
    95 | D:1      | Reached XP level 2. HP: 18/22 MP: 0/0
   428 | D:1      | Reached XP level 3. HP: 26/27 MP: 0/0
   428 | D:1      | Learned a level 1 spell: Sandblast
  1328 | D:2      | Reached skill level 2 in Fighting
  1433 | D:2      | Noticed Terence
  1442 | D:2      | Killed Terence
  1443 | D:2      | Reached XP level 4. HP: 12/34 MP: 0/0
  2078 | D:3      | Found a white marble altar of Elyvilon.
  2097 | D:3      | Reached skill level 3 in Fighting
  2097 | D:3      | Reached XP level 5. HP: 14/40 MP: 0/0
  2097 | D:3      | Learned a level 2 spell: Call Imp
  2423 | D:3      | Noticed Jessica
  2427 | D:3      | Killed Jessica
  2785 | D:3      | Found a runed translucent door.
  2786 | D:3      | Noticed Crazy Yiuf
  3030 | D:4      | Reached XP level 6. HP: 41/47 MP: 0/0
  3189 | D:2      | Reached skill level 4 in Fighting
  3471 | D:4      | You are sucked into a shaft and drop 2 floors!
  3471 | D:6      | Found a staircase to the Ecumenical Temple.
  3492 | Temple   | Entered the Ecumenical Temple
  3573 | Temple   | Became a worshipper of Ashenzari the Shackled
  3596 | D:5      | Entered Level 5 of the Dungeon
  3662 | D:5      | Reached XP level 7. HP: 51/53 MP: 0/0
  3662 | D:5      | Learned a level 3 spell: Stone Arrow
  3784 | D:5      | Found a blossoming altar of Fedhas.
  4131 | D:4      | Reached skill level 5 in Fighting
  4190 | D:4      | Found a hazy altar of Hepliaklqana.
  4330 | D:4      | Noticed a +0 dagger
  4330 | D:4      | Noticed a +0 short sword
  4330 | D:4      | Noticed a +0 short sword
  4330 | D:4      | Noticed a +0 falchion
  4330 | D:4      | Noticed a +0 dagger
  4330 | D:4      | Noticed a +0 spear
  4333 | D:4      | Noticed a +0 spear
  4333 | D:4      | Noticed a +0 falchion
  4338 | D:4      | Found a hide-covered altar of Uskayaw.
  4442 | D:4      | Quit the game

Illustrated notes

Levels and vault maps discovered:
D:1:      kennysheep_arrival_seaside, layout_loops_corners, minmay_crystal_room
D:2:      layout_basic, uniq_terence
D:3:      layout_loops_ring, nicolae_elyvilon_peaceful_grove, uniq_jessica,
          uniq_crazy_yiuf_cottage
D:4:      layout_rooms, worldfamousw_hep_ancestral_shrine,
          nicolae_uskayaw_en_pointe, grunt_decor_fettered
D:5:      layout_basic, nicolae_overflow_crystal_walls,
          nicolae_gozag_zags_fifth_avenue
D:6:      layout_rooms, temple_pool_b, hangedman_glass_teeth, kennysheep_boxes
Temple:   nicolae_temple_colour_theory

Skill      XL: |  1  2  3  4  5  6  7 |
---------------+----------------------+-----
Fighting       | 1 2 3 4 5 |  5.3
Spellcasting   | 3 4 |  4.8
Dodging        | |  2.1
Stealth        | |  1.5

Action                     |  1- 3 |  4- 6 |  7- 9 || total
---------------------------+-------+-------+-------++-------
  Melee: Unarmed           |     7 |       |       ||     7
         Dire flail        |    10 |    30 |    11 ||    51
   Cast: Foxfire           |    55 |    56 |    28 ||   139
         Call Imp          |       |    13 |     6 ||    19
   Stab: Distracted        |       |       |     1 ||     1
 Armour: Robe              |     4 |    11 |     4 ||    19
  Dodge: Dodged            |    28 |    35 |     6 ||    69
